[Event "Early-Titled-Tuesday-Blitz-February-20-2024"]
[Site "Chess.com"]
[Date "2024.02.20"]
[Round "5"]
[White "SaiAgni_98"]
[Black "ExchangeAB"]
[Result "1-0"]
[WhiteElo "2574"]
[BlackElo "2435"]
[TimeControl "180+1"]
[EndTime "8:56:58 PST"]
[Termination "SaiAgni_98 won by checkmate"]

1. e4 c6 2. Nf3 d5 3. Nc3 Bg4 4. h3 Bxf3 5. Qxf3 e6 6. d3 Nd7 7.
g3 Bc5 8. Bg2 Ne7 9. O-O a5 10.
Kh2 a4 11. a3 Qc7 12. Qg4 O-O 13.
f4 f5 14. Qe2 b5 15. e5 Ba7 16. h4 Rab8 17. Na2 c5 18. Bd2 Nc6 19. c3 d4 20.
Rac1 dxc3 21. bxc3 Na5 22. Be3 Nb3 23. Rcd1 Nb6 24.
Nc1 Rbd8 25. h5 Nxc1 26. Rxc1 Nd5 27. Bd2 c4 28. d4 h6 29. Rc2 Ne7 30. Rb1 Qd7 31.
Rcb2 Rb8 32. Qf3 Nd5 33. Bh1 Rb6 34. g4 fxg4 35. Qxg4 Rbb8 36. Be4 Ne7 37. Rg1 Nf5 38. Be1 Kh8 39. Qg6 Qf7 40. Qxf7 Rxf7 41. Rg6 Ne3 42. Rxe6 Rxf4 43. Bg6 Rbf8 44. Bg3 Nf1+ 45.
Kg2 Nxg3 46. Kxg3 Rf3+ 47. Kg2 Rxc3 48. Rd6 Bb8 49. Rd7 Rb3 50. Rf2 Rc8 51. Rdf7 Kg8 52. Be4 Re3 53. Bd5 Kh8 54. Rf8+ Rxf8 55. Rxf8+ Kh7 56.
Bg8+ Kh8 57. Bf7+ Kh7 58. Bg6# 1-0

[Event "Early-Titled-Tuesday-Blitz-February-20-2024"]
[Site "Chess.com"]
[Date "2024.02.20"]
[Round "5"]
[White "LevonAronian"]
[Black "Anton_Demchenko"]
[Result "1-0"]
[WhiteElo "3087"]
[BlackElo "2909"]
[TimeControl "180+1"]
[EndTime "8:56:59 PST"]
[Termination "LevonAronian won on time"]

1. e4 e5 2. Nf3 Nc6 3. Bc4 Nf6 4. d3 h6 5. O-O d6 6. Nc3 Be7 7. d4 Bg4 8. dxe5 dxe5 9. Bb5 Qxd1 10. Rxd1 Bxf3 11.
gxf3 O-O 12. Bxc6 bxc6 13. Be3 Bd6 14. Rd3 Nd7 15. Na4 f5 16. Rad1 fxe4 17. fxe4 Nf6 18.
Nc5 Rf7 19. Rc3 Ng4 20. Nb7 Nxe3 21. fxe3 Be7 22. Rf1 Rxf1+ 23. Kxf1 Rb8 24. Rb3 Rf8+ 25. Kg1 Bg5 26. Na5 c5 27. Nc4 h5 28. Rd3 g6 29.
Rd5 Rf7 30. Rxe5 Bf6 31. Rxc5 g5 32. Ne5 Re7 33. Nd3 Rxe4 34. Rxc7 Rxe3 35. Kf1 Rf3+ 36. Kg2 Re3 37. Rxa7 Re2+ 38. Kh1 Rxc2 39. Ra6 Kg7 40. Rd6 Rd2 41. a4 Bxb2 42. a5 Bc3 43. a6 Ra2 44. Nc5 Be5 45. Rd5 Bf4 46. h4 Kf6 47. hxg5+ Kg6 48.
Ne6 Be3 49. Re5 Bf2 50. Nf4+ Kg7 51. Re7+ Kf8 52. Re6 h4 53. g6 Bg3 54. Nh5 1-0

[Event "Early-Titled-Tuesday-Blitz-February-20-2024"]
[Site "Chess.com"]
[Date "2024.02.20"]
[Round "5"]
[White "stratacticos"]
[Black "ChessFanNM"]
[Result "1-0"]
[WhiteElo "1995"]
[BlackElo "2295"]
[TimeControl "180+1"]
[EndTime "8:56:59 PST"]
[Termination "stratacticos won on time"]

1. e4 e5 2. Nf3 Nc6 3. Bc4 Nf6 4. Ng5 d5 5. exd5 b5 6. Bf1 h6 7. Nxf7 Kxf7 8. dxc6 Bc5 9. d3 Rf8 10. Be3 Bxe3 11.
fxe3 Kg8 12. Be2 Nd5 13. Bf3 Nxe3 14. Qe2 Qd4 15. c3 Qh4+ 16. g3 Qg5 17. Nd2 Nc2+ 18.
Kf2 Nxa1 19. Rxa1 Bg4 20. Kg2 h5 21. Rf1 Rae8 22. h3 Bxf3+ 23. Nxf3 Qe7 24. Re1 Qc5 25. Qe4 h4 26. Qxh4 Qxc6 27. Re4 Rd8 28. Ng5 Qg6 29. d4 exd4 30. cxd4 c5 31. Qg4 cxd4 32.
Qe6+ Qxe6 33. Nxe6 d3 34. Nxd8 Rxd8 35. Re1 d2 36.
Rd1 Rd3 37. Kf2 Kf7 38. Ke2 Rxg3 39. Rxd2 Rg2+ 40. Kd3 Rxd2+ 41. Kxd2 Ke6 42. Kc3 Kf5 43. Kb4 g5 44. Kxb5 Kf4 45. Ka6 Kg3 46. b4 Kxh3 47. b5 g4 48. a4 g3 49. Kxa7 g2 50. b6 g1=Q 51. a5 Qc5 52. Ka6 Qc6 53. Ka7 Qc5 54. Ka6 1-0

[Event "Early-Titled-Tuesday-Blitz-February-20-2024"]
[Site "Chess.com"]
[Date "2024.02.20"]
[Round "5"]
[White "GOGIEFF"]
[Black "MyDream003"]
[Result "1-0"]
[WhiteElo "3021"]
[BlackElo "2733"]
[TimeControl "180+1"]
[EndTime "8:57:01 PST"]
[Termination "GOGIEFF won on time"]

1. c4 e6 2. Nf3 d5 3. g3 Nf6 4.
Bg2 Be7 5. O-O O-O 6. d4 dxc4 7. Qc2 a6 8. Qxc4 b5 9. Qc2 Bb7 10. Bd2 Be4 11. Qc1 c6 12. e3 Nbd7 13. Nc3 Bg6 14. Nh4 Bh5 15. a3 Rc8 16. b4 Nd5 17.
Nf3 Bg6 18. Re1 Nxc3 19. Bxc3 Be4 20. Nd2 Bxg2 21. Kxg2 Nb6 22. Qc2 Qd7 23. Rac1 Rfd8 24. h4 h5 25. e4 Bf6 26. Nf3 Nc4 27. a4 g6 28. Rcd1 Qb7 29. Ng5 bxa4 30. Qxa4 Qb5 31.
Qa2 a5 32. bxa5 c5 33. Nf3 cxd4 34. Nxd4 Qa6 35. Qe2 Qa8 36. Qf3 Bg7 37. Nb3 Rxd1 38. Rxd1 Bxc3 39. Qxc3 Qxe4+ 40. Qf3 Qxf3+ 41. Kxf3 Ra8 42.
Ra1 Kf8 43. Ke4 Ke7 44. Kd4 Nd6 45. a6 Kd7 46. Nc5+ Kc6 47. Ne4 Ne8 48. Ng5 e5+ 49. Kxe5 f6+ 50. Ke6 fxg5 51. hxg5 Kb6 52. Kf7 Nd6+ 53.
Kxg6 Rg8+ 54. Kxh5 Ne4 55. f4 Nxg3+ 56. Kg4 Ne4 57. a7 Nf6+ 58. Kf5 Nd5 59. a8=Q Rxa8 60. Rxa8 1-0

[Event "Early-Titled-Tuesday-Blitz-February-20-2024"]
[Site "Chess.com"]
[Date "2024.02.20"]
[Round "5"]
[White "emeli_chess"]
[Black "Lennis93"]
[Result "0-1"]
[WhiteElo "2423"]
[BlackElo "2702"]
[TimeControl "180+1"]
[EndTime "8:57:03 PST"]
[Termination "Lennis93 won by resignation"]

1. d4 e6 2. c4 b6 3. Nc3 Bb7 4. e4 Bb4 5. e5 Bxc3+ 6. bxc3 Ne7 7. Nf3 d6 8. Bd3 Nd7 9. Qe2 h6 10. O-O Bxf3 11. gxf3 dxe5 12. dxe5 Ng6 13. f4 Nc5 14. Bxg6 fxg6 15. Be3 Qe7 16. a4 O-O 17. a5 Nb3 18. Ra4 Nxa5 19. c5 Rf5 20. c4 Qh4 21. Qf3 Raf8 22. Qg3 Qh5 23. cxb6 axb6 24. c5 Nc6 25. cxb6 cxb6 26. Rc1 Ne7 27. Ra7 Nd5 28. h3 R8f7 29.
Ra8+ Rf8 30. Ra7 b5 31. Qg4 b4 32. Qxh5 Rxh5 33. Rb7 Rxh3 34. Kg2 Rxe3 35. fxe3 Nxe3+ 36.
Kf3 Nd5 37. Ra1 Rxf4+ 38. Kg3 h5 39. Raa7 h4+ 40. Kh3 Kh7 41. Rxg7+ Kh6 42. Rg8 Kg5 43. Rag7 Rf3+ 44. Kg2 Rg3+ 45. Kf2 Kf5 46. Rf8+ Kxe5 47. Re8 g5 48. Rg6 Nf4 49. Rg7 b3 50. Rb8 Rc3 51.
Rb5+ Ke4 52. Rgxg5 Rc2+ 53. Ke1 b2 54. Rge5+ Kf3 55. Rec5 Rxc5 56. Rxc5 Nd3+ 57. Kd2 Nxc5 58. Kc2 h3 0-1

[Event "Early-Titled-Tuesday-Blitz-February-20-2024"]
[Site "Chess.com"]
[Date "2024.02.20"]
[Round "5"]
[White "Iskusnyh"]
[Black "KononenkoD"]
[Result "1-0"]
[WhiteElo "2671"]
[BlackElo "2512"]
[TimeControl "180+1"]
[EndTime "8:57:06 PST"]
[Termination "Iskusnyh won by resignation"]

1. d4 d5 2. c4 c6 3. Nf3 Nf6 4. e3 e6 5. b3 Nbd7 6. Bd3 Bd6 7. Bb2 O-O 8. O-O Re8 9. Ne5 c5 10. Nd2 cxd4 11. exd4 dxc4 12. Ndxc4 Be7 13. Qf3 Nb6 14. Rad1 Nbd5 15. Bb1 Bf8 16. Nxf7 Kxf7 17. Bxh7 Bd6 18. Ne5+ Ke7 19. Rfe1 Rh8 20. Bb1 Rh6 21. h3 Bd7 22.
Bc1 Qh8 23. Bxh6 Qxh6 24. Qg3 Bxe5 25. dxe5 Nh5 26. Qh4+ g5 27. Qd4 Nhf4 28. Be4 Bc6 29.
b4 a6 30. Rc1 g4 31. a4 gxh3 32. g3 h2+ 33. Kh1 Ne2 34. Qc5+ Kf7 35. Rxe2 Qh5 36. Ree1 Qxe5 37. b5 axb5 38. Bg6+ Kxg6 39. Rxe5 Nf4+ 40. Qxc6 bxc6 41. gxf4 Rxa4 42. Rxe6+ Kf5 43. Rexc6 Kxf4 44. Kxh2 Kf3 45. Kg1 Ke2 46. Rd6 Rg4+ 47. Kh2 Rh4+ 48. Kg3 Ra4 49. Rc3 Re4 50. Re3+ Rxe3+ 51. fxe3 Kxe3 52. Rb6 1-0

[Event "Early-Titled-Tuesday-Blitz-February-20-2024"]
[Site "Chess.com"]
[Date "2024.02.20"]
[Round "5"]
[White "Sanan_Sjugirov"]
[Black "Polish_fighter3000"]
[Result "0-1"]
[WhiteElo "2902"]
[BlackElo "3059"]
[TimeControl "180+1"]
[EndTime "8:57:08 PST"]
[Termination "Polish_fighter3000 won on time"]

1. d4 Nf6 2. Nf3 d5 3. Bf4 c5 4. e3 Nc6 5. Nbd2 Qb6 6. dxc5 Qxb2 7. Rb1 Qc3 8. Bb5 g6 9. O-O Bg7 10. Nb3 O-O 11. Bxc6 bxc6 12. Be5 Qc4 13. Qd4 Qxd4 14. exd4 a5 15. Rfe1 Re8 16. Nc1 Nd7 17. Bxg7 Kxg7 18.
h4 f6 19. g4 Ba6 20. Nd3 Kf7 21. g5 Rab8 22. Nd2 e5 23. Rxb8 Rxb8 24. gxf6 Bxd3 25. cxd3 Kxf6 26. Nf3 exd4 27. Nxd4 Nxc5 28. Nxc6 Rb2 29. Nxa5 Rxa2 30. Nc6 Nxd3 31. Rd1 Ra3 32. Nd4 Ke5 33. Nf3+ Kf5 34. Ng5 h6 35. Nf7 h5 36.
Rd2 Nf4 37. Ng5 Kg4 38. Rd4 Kf5 39. Rd2 Rd3 40. Rb2 Kg4 41. Rb4 d4 42. Ne4 Kh3 43. Rb1 Ne2+ 44. Kf1 Nc3 45. Nc5 Nxb1 46. Nxd3 Kxh4 47.
Ke2 Kg5 48. Kf3 Nc3 49. Ne5 Kf5 50. Nf7 Ne4 51. Nh6+ Ke5 52. Nf7+ Kd5 53. Nh8 g5 54. Ng6 d3 55. Ke3 d2 56. Ke2 Kc4 57. f3 Kc3 0-1

[Event "Early-Titled-Tuesday-Blitz-February-20-2024"]
[Site "Chess.com"]
[Date "2024.02.20"]
[Round "5"]
[White "Casablanca"]
[Black "HeroWilczek"]
[Result "1-0"]
[WhiteElo "2612"]
[BlackElo "2472"]
[TimeControl "180+1"]
[EndTime "8:57:08 PST"]
[Termination "Casablanca won by resignation"]

1. Nf3 Nf6 2. g3 e6 3. Bg2 d5 4. O-O Be7 5. c4 O-O 6. cxd5 exd5 7. b3 Bf5 8. Bb2 c6 9. d3 Re8 10. Nc3 Nbd7 11. Re1 h6 12. h3 Bf8 13. Rc1 a5 14. Qd2 Qb6 15. e3 Rad8 16. Na4 Qa6 17. Bf1 Bb4 18.
Bc3 Bxc3 19. Qxc3 Qa7 20. Nc5 Nxc5 21. Qxc5 Qxc5 22. Rxc5 a4 23. b4 Nd7 24. Ra5 Ra8 25.
Rxa8 Rxa8 26. a3 c5 27. bxc5 Nxc5 28. d4 Nb3 29. Bb5 Bxh3 30. Rb1 Bf5 31. Rb2 Be4 32. Ne5 Rc8 33. f3 Rc1+ 34. Kf2 Rc2+ 35. Rxc2 Bxc2 36.
Bxa4 Nxd4 37. Be8 Nc6 38. Bxf7+ Kf8 39. Nxc6 bxc6 40. Bh5 Ke7 41. Ke2 Kd6 42. Kd2 Ba4 43.
Kc3 c5 44. f4 g5 45. Bf3 gxf4 46. gxf4 Be8 47. Bd1 h5 48. a4 h4 49. a5 h3 50.
Bf3 Bc6 51. Kd3 d4 52. e4 Bb5+ 53. Kd2 c4 54. e5+ Ke7 55. f5 c3+ 56. Kc2 Ba4+ 57. Kd3 c2 58. Kd2 d3 59. Bg4 h2 60. f6+ Kf8 61.
Bf3 Bb3 62. a6 Be6 63. a7 Bg4 64. a8=Q+ Kf7 65. Qd5+ Kg6 66. Qe4+ Kf7 67. Qxg4 1-0

[Event "Early-Titled-Tuesday-Blitz-February-20-2024"]
[Site "Chess.com"]
[Date "2024.02.20"]
[Round "5"]
[White "MdChess1734"]
[Black "AlexanderKing"]
[Result "0-1"]
[WhiteElo "2389"]
[BlackElo "2639"]
[TimeControl "180+1"]
[EndTime "8:57:09 PST"]
[Termination "AlexanderKing won by resignation"]

1. e4 e6 2. d4 d5 3. e5 c5 4. c3 Qb6 5. Nf3 Bd7 6. Be2 Bb5 7. Bxb5+ Qxb5 8. a4 Qb6 9. dxc5 Bxc5 10. b4 Bf8 11. Be3 Qc7 12. O-O Nd7 13. Bd4 Ne7 14. Na3 a6 15. Rc1 Nc6 16. Re1 Be7 17. Qb3 O-O 18. c4 Bxb4 19. cxd5 Bxe1 20. dxc6 Bxf2+ 21. Kxf2 bxc6 22.
Nc4 c5 23. Ba1 Rab8 24. Qe3 Qc6 25. a5 Rb5 26. Rd1 Nb8 27. Rd6 Qb7 28. Bc3 h6 29.
Qd2 Qe4 30. Ne3 Nc6 31. Qc2 Qxc2+ 32. Nxc2 Nxa5 33. Rxa6 Nb3 34. Ne3 Rd8 35. Nc4 Rd3 36.
Bb2 Nd4 37. Ra8+ Kh7 38. Ra1 Nxf3 39. gxf3 Rxb2+ 40. Nxb2 Rd2+ 41. Ke3 Rxb2 42. h3 Rh2 43. Rc1 Rxh3 44. Rxc5 Rh2 45. Rc4 g5 46. Rc7 Kg6 47. Ke4 Re2+ 48. Kd4 Re1 49. Rc8 Kg7 50. Rc7 h5 51.
Rc2 h4 52. Rg2 Kh6 53. Kd3 Rxe5 0-1

[Event "Early-Titled-Tuesday-Blitz-February-20-2024"]
[Site "Chess.com"]
[Date "2024.02.20"]
[Round "5"]
[White "ExtremeLearner"]
[Black "ActorXu"]
[Result "0-1"]
[WhiteElo "2594"]
[BlackElo "2816"]
[TimeControl "180+1"]
[EndTime "8:57:11 PST"]
[Termination "ActorXu won by resignation"]

1. d4 Nf6 2. c4 e6 3. Nc3 Bb4 4. e3 O-O 5. Bd2 d5 6. Nf3 b6 7. cxd5 exd5 8. Rc1 Re8 9. Bd3 Bb7 10. O-O a6 11. Ne5 Bd6 12. f4 c5 13. Ne2 Nc6 14.
Ng3 Bf8 15. Bc3 Rc8 16. Nh5 cxd4 17. Nxc6 Rxc6 18. Nxf6+ Qxf6 19. Bxd4 Rxc1 20. Qxc1 Qd8 21. Qb1 h6 22. b4 b5 23. Rf3 Bc8 24. Rg3 f6 25.
Qd1 Kh8 26. Qh5 Be6 27. Qg6 Bg8 28. Rh3 Re6 29. Bf5 Rc6 30. g4 Qe7 31. g5 Qxb4 32.
gxh6 Rc1+ 33. Kg2 Qd2+ 34. Kf3 Rf1+ 35. Kg4 Rg1+ 36. Rg3 Qxh2 37. hxg7+ Bxg7 38. Rxg1 Qxg1+ 39. Kf3 Qf1+ 40. Kg3 Qg1+ 41. Kf3 Qxg6 42. Bxg6 Bh7 43. Be8 Bd3 44. Bc6 Bc4 45. a3 Kg8 46. e4 dxe4+ 47. Bxe4 f5 48. Bxg7 fxe4+ 49. Kxe4 Kxg7 50. Kd4 Kf6 51. a4 Kf5 52. a5 Kxf4 53. Kc5 Ke5 54. Kb6 b4 0-1

[Event "Early-Titled-Tuesday-Blitz-February-20-2024"]
[Site "Chess.com"]
[Date "2024.02.20"]
[Round "5"]
[White "vovachesss"]
[Black "Kumi29"]
[Result "0-1"]
[WhiteElo "2810"]
[BlackElo "2618"]
[TimeControl "180+1"]
[EndTime "8:57:12 PST"]
[Termination "Kumi29 won on time"]

1. e4 d5 2. exd5 Qxd5 3. Nc3 Qd8 4. d4 Nf6 5. Bc4 e6 6. Nge2 b6 7. d5 exd5 8. Nxd5 c6 9. Nxf6+ Qxf6 10. Be3 Be7 11. Bd4 Qg6 12. O-O O-O 13. Nf4 Qh6 14.
Qf3 Bg5 15. Nd3 Nd7 16. Rfe1 Bb7 17. Rad1 Rab8 18. Ne5 Nxe5 19. Bxe5 c5 20. Qf5 Rbd8 21. Rxd8 Bxd8 22. Rd1 Qg6 23. Qxg6 hxg6 24. Rd7 Bc6 25. Rxa7 b5 26. Bd3 Re8 27. Bc3 Bf6 28. h3 Bxc3 29. bxc3 Re1+ 30. Bf1 Bd5 31. Rc7 Bc4 32. Kh2 Rxf1 33.
Rxc5 Rxf2 34. a4 Rf5 35. Rxf5 gxf5 36. a5 Bd5 37. Kg3 g5 38. Kf2 Kf8 39. g3 Ke7 40.
Ke3 Kd6 41. Kd4 f4 42. gxf4 gxf4 43. h4 f3 44. Ke3 Be4 45. a6 Kc6 46. h5 Kb6 47. h6 Bxc2 48. Kxf3 Kxa6 49. Kf4 Ka5 50. Ke5 Ka4 51. Kd4 Kb3 52. Kc5 Bd3 53. Kd4 Bg6 54.
Kc5 Kxc3 55. Kxb5 f5 56. Kc5 f4 57. Kd5 f3 58. Ke5 f2 59. Kf6 Bb1 60. h7 Bxh7 0-1

[Event "Early-Titled-Tuesday-Blitz-February-20-2024"]
[Site "Chess.com"]
[Date "2024.02.20"]
[Round "5"]
[White "TioCridineno"]
[Black "only_strong_moves"]
[Result "0-1"]
[WhiteElo "2407"]
[BlackElo "2646"]
[TimeControl "180+1"]
[EndTime "8:57:12 PST"]
[Termination "only_strong_moves won by checkmate"]

1. e4 e5 2. Nf3 Nc6 3. Bb5 a6 4. Ba4 Nge7 5. c3 Ng6 6. d4 exd4 7. cxd4 d5 8. e5 b5 9. Bc2 Bg4 10. Be3 Be7 11. O-O O-O 12. a3 f6 13. exf6 Bxf6 14. Nbd2 Nh4 15. Bxh7+ Kxh7 16. Qc2+ Kg8 17. Nxh4 Nxd4 18. Bxd4 Bxd4 19. Nhf3 Bf6 20. Qc6 Bxb2 21. Ra2 Bf6 22. Rc2 Rf7 23. h3 Bf5 24.
Rc5 Be4 25. Nxe4 dxe4 26. Qxe4 Rb8 27. Rd5 Qe7 28. Qd3 c5 29. Re1 Qc7 30. Re6 c4 31. Qg6 Rd8 32. Rh5 Rd1+ 33. Ne1 Re7 34. Qh7+ Kf8 35.
Rxf6+ gxf6 36. Qh8+ Kf7 37. Rh7+ Ke6 38. Qg8+ Kd6 39.
Qg3+ Kc6 40. Qf3+ Rd5 41. Rxe7 Qxe7 42. Nc2 a5 43. Ne3 Qe5 44. Nxd5 Qxd5 45. Qxf6+ Qd6 46. Qf3+ Kb6 47. Qe3+ Ka6 48. h4 b4 49. axb4 axb4 50. h5 Qd1+ 51. Kh2 Qxh5+ 52. Kg1 Qd1+ 53. Kh2 Qd6+ 54. g3 b3 55. Qc3 Kb5 56. f4 Qd3 57. Qe5+ Kb4 58. Qb8+ Kc3 59. Qe5+ Kc2 60. f5 b2 61. f6 b1=Q 62. f7 Qh7+ 63. Kg2 Qhh1+ 64.
Kf2 Qbg1+ 65. Ke2 Qe1# 0-1

[Event "Early-Titled-Tuesday-Blitz-February-20-2024"]
[Site "Chess.com"]
[Date "2024.02.20"]
[Round "5"]
[White "Alexchess1984"]
[Black "K_A_S_T_O_R"]
[Result "1/2-1/2"]
[WhiteElo "2645"]
[BlackElo "2849"]
[TimeControl "180+1"]
[EndTime "8:57:15 PST"]
[Termination "Game drawn by repetition"]

1. e4 c5 2. c3 Nf6 3. e5 Nd5 4. Bc4 Nb6 5. Bb3 Nc6 6. Nf3 d5 7. exd6 Qxd6 8. Na3 Be6 9. d4 cxd4 10. O-O Bxb3 11.
axb3 a6 12. Qe2 Rd8 13. Rd1 Qc7 14. Qe4 e6 15. Nxd4 Nxd4 16. Rxd4 Rxd4 17. Qxd4 e5 18. Qg4 Qd7 19. Qxd7+ Kxd7 20. Be3 Nd5 21. Nc4 f6 22. Rd1 Ke6 23. b4 Be7 24. Na5 b6 25. Nb3 Ra8 26. Ra1 f5 27. g3 g5 28. Kf1 f4 29. Bd2 Nf6 30. Re1 Kf5 31. f3 h5 32. Kg2 Bd6 33. Rd1 Bc7 34. Be1 Ke6 35. Bf2 Rd8 36. Rxd8 Bxd8 37. c4 Kf5 38. Nd2 e4 39. fxe4+ Nxe4 40. Nxe4 Kxe4 41. gxf4 Kxf4 42. h3 Ke4 43. b3 b5 44. c5 Kd5 45. Bg3 Bf6 46. Be1 Be5 47. Kf3 Bd4 48. Bd2 Bf6 49. Be1 Bd8 50. Bd2 Ke5 51. Be1 Kf5 52. Bg3 g4+ 53. hxg4+ hxg4+ 54. Ke2 Ke6 55. c6 Bb6 56. Kd3 Bg1 57. Ke4 Bb6 58.
Kd3 Bg1 59. Ke4 Ke7 60. Kd3 Ke6 1/2-1/2

[Event "Early-Titled-Tuesday-Blitz-February-20-2024"]
[Site "Chess.com"]
[Date "2024.02.20"]
[Round "5"]
[White "Dinamo3"]
[Black "SirGerhard"]
[Result "1-0"]
[WhiteElo "2536"]
[BlackElo "2733"]
[TimeControl "180+1"]
[EndTime "8:57:15 PST"]
[Termination "Dinamo3 won by resignation"]

1. c4 e5 2. g3 Nf6 3. Bg2 Nc6 4. Nc3 Bc5 5. e3 d6 6. Nge2 O-O 7. O-O a6 8. d3 Bf5 9. h3 Rb8 10. b3 h6 11. g4 Bh7 12. Bb2 Ne7 13. d4 exd4 14.
exd4 Ba7 15. Ng3 b5 16. cxb5 axb5 17. d5 b4 18. Nce2 Nd7 19. Nd4 Ne5 20. Qd2 Nd3 21. Rad1 Nxb2 22. Qxb2 Ng6 23. Nc6 Qg5 24. Nxa7 Nf4 25. Rfe1 Nd3 26. Qd4 Nxe1 27. Rxe1 Rfe8 28. Rxe8+ Rxe8 29. Qxb4 Qc1+ 30. Kh2 Qb2 31. a4 Qxf2 32. Nc6 Bg6 33. Qd4 Qa2 34. a5 Qxb3 35. a6 Qa2 36. a7 Ra8 37. Qe3 Kh7 38. Nf5 Qc2 39.
Nfe7 Bd3 40. Kg3 g6 41. h4 Qd1 42. Qf2 Kg7 43. Qd4+ Kh7 44. Qf4 Kg7 45. g5 hxg5 46. hxg5 Qe1+ 47. Qf2 Qc3 48. Qf6+ Qxf6 49. gxf6+ Kxf6 50. Kf4 Ba6 51. Ke3 Bb7 52. Bf1 Bxc6 53. Nxc6 Kg5 54.
Ba6 f5 55. Bb7 Rxa7 56. Nxa7 Kf6 57. Nb5 Ke5 58. Nxc7 g5 59. Ne6 g4 60. Nf4 Kf6 61.
Ba6 Ke5 62. Bd3 Kf6 63. Kd4 Kg5 64. Ne6+ Kf6 65. Be2 Ke7 66. Ke3 Kf6 67. Kf4 g3 68. Kxg3 Ke5 69. Bf3 f4+ 70. Kg4 Kf6 71. Kxf4 Kg6 72.
Nd4 Kf6 73. Nf5 1-0

[Event "Early-Titled-Tuesday-Blitz-February-20-2024"]
[Site "Chess.com"]
[Date "2024.02.20"]
[Round "5"]
[White "PavelShkapenko"]
[Black "Der_Balak_3Halak"]
[Result "1-0"]
[WhiteElo "2713"]
[BlackElo "2446"]
[TimeControl "180+1"]
[EndTime "8:57:17 PST"]
[Termination "PavelShkapenko won by checkmate"]

1. e4 c5 2. c3 e6 3. d4 cxd4 4. cxd4 d5 5. e5 Nc6 6. Nf3 Qb6 7. Be2 Bb4+ 8. Bd2 Nge7 9. O-O O-O 10. Bxb4 Qxb4 11. Qd2 Nf5 12. Qxb4 Nxb4 13. Nc3 Bd7 14. Rac1 Rac8 15. Rfd1 a6 16. h4 b5 17. a3 Nc6 18.
Bd3 g6 19. Bxf5 gxf5 20. Ne2 f6 21. exf6 Rxf6 22. Nf4 h6 23. Nd3 Rff8 24. Nde5 Nxe5 25. Nxe5 Rxc1 26. Rxc1 Rc8 27. Rc5 Rxc5 28. dxc5 Bc8 29.
Kh2 f4 30. Nd3 Bb7 31. Nxf4 e5 32. Ng6 e4 33. Ne7+ Kf7 34. c6 Ba8 35. Nxd5 Bxc6 36.
Nb4 Bb7 37. Kg3 Ke6 38. Kf4 e3 39. fxe3 a5 40. Nc2 Bxg2 41. e4 Bf1 42. Ne3 Bd3 43.
Nf5 h5 44. Ng7+ Kf7 45. Nxh5 Kg6 46. Ng3 b4 47. axb4 axb4 48. Ke5 b3 49. Kd6 Kf6 50. e5+ Kf7 51. e6+ Ke8 52. Nh5 Kf8 53. Nf6 Bb5 54.
h5 Ba4 55. h6 Bd7 56. exd7 Kf7 57. d8=Q Kg6 58. Qg8+ Kf5 59. h7 Kf4 60. Qg4+ Ke3 61. Nd5+ Kd3 62. h8=Q Kc2 63. Qc3+ Kb1 64. Qxb3 Kc1 65.
Qf4+ Kb1 66. Qf1# 1-0

[Event "Early-Titled-Tuesday-Blitz-February-20-2024"]
[Site "Chess.com"]
[Date "2024.02.20"]
[Round "5"]
[White "ural58"]
[Black "Felix-Rose"]
[Result "1-0"]
[WhiteElo "2521"]
[BlackElo "2279"]
[TimeControl "180+1"]
[EndTime "8:57:18 PST"]
[Termination "ural58 won on time"]

1. e4 e5 2. f4 exf4 3. Bc4 Qh4+ 4. Kf1 d6 5. Nf3 Qh6 6. Nc3 Nf6 7. Qe2 Be6 8. Bxe6 fxe6 9. Qb5+ Nbd7 10. Qxb7 Rb8 11. Qxc7 Be7 12. b3 O-O 13. Ba3 Rfc8 14. Qa5 a6 15. Qg5 Qxg5 16. Nxg5 e5 17. Rc1 h6 18. Nf3 Kf7 19. h3 Ke6 20. d3 Rxc3 21. Ke2 Rbc8 22.
Kd2 R3c6 23. c4 Nc5 24. Rhe1 a5 25. Bb2 Kf7 26. Bc3 Ra8 27. Rf1 Ne6 28. Kc2 Ke8 29.
Rg1 g5 30. g3 Rcc8 31. gxf4 gxf4 32. Nh4 Kf7 33. Nf5 Rh8 34. a3 Ng5 35. h4 Nf3 36. Rgf1 Nh2 37. Rg1 Nhg4 38. Ra1 h5 39. Rh1 Ne3+ 40.
Nxe3 fxe3 41. Rhe1 Ng4 42. d4 Ke6 43. d5+ Kd7 44. Re2 Rhf8 45. Rae1 Rf3 46. Kd3 Rh3 47. b4 axb4 48. Bxb4 Bxh4 49. Rg1 Bg5 50. c5 Bf4 51. c6+ Kc7 52. Rb1 Nf2+ 53. Kc4 Nxe4 54. Reb2 Nd2+ 55. Bxd2 exd2 56. Rb7+ Kd8 57. Rg7 Ra4+ 58. Kb5 1-0

[Event "Early-Titled-Tuesday-Blitz-February-20-2024"]
[Site "Chess.com"]
[Date "2024.02.20"]
[Round "5"]
[White "HanSchut"]
[Black "EsmeraldasAnderson03"]
[Result "1/2-1/2"]
[WhiteElo "2292"]
[BlackElo "2531"]
[TimeControl "180+1"]
[EndTime "8:57:19 PST"]
[Termination "Game drawn - insufficient material"]

1. e4 c5 2. Nf3 d6 3. d4 cxd4 4.
Nxd4 Nf6 5. f3 e5 6. Bb5+ Bd7 7. Bxd7+ Nbxd7 8. Nf5 Qc7 9. Nc3 g6 10. Ne3 Nb6 11. O-O Be7 12. Kh1 O-O 13. Bd2 Rfd8 14.
Rc1 d5 15. exd5 Nbxd5 16. Nexd5 Nxd5 17. Nb5 Qc6 18. c4 Nf4 19. a3 Nd3 20. Rc2 Bc5 21.
Qe2 Qb6 22. g3 a6 23. Nc3 Qb3 24. Bg5 Rd7 25. Nd5 Rxd5 26. cxd5 Bd4 27. Bc1 Nc5 28. Qc4 Qxc4 29. Rxc4 Rd8 30. b4 Nd3 31. f4 Rxd5 32. fxe5 Bxe5 33. Re4 b5 34. Bf4 Bd4 35. Be3 Bxe3 36. Rxe3 Ne5 37. Rfe1 Nc4 38. Re8+ Kg7 39. R8e7 Rf5 40. Ra7 Rf6 41. Ra1 g5 42. a4 g4 43.
axb5 axb5 44. R7a6 Rf5 45. R6a5 h5 46. Ra7 h4 47.
gxh4 Kh6 48. Kg1 Kh5 49. Rf1 Rxf1+ 50. Kxf1 f5 51. Rb7 Kxh4 52. Rxb5 f4 53. Rc5 Nd2+ 54. Ke1 Nf3+ 55. Ke2 Nxh2 56. b5 g3 57. Rc8 f3+ 58. Ke3 f2 59. Rf8 f1=Q 60. Rxf1 Nxf1+ 61. Kf3 Kh3 62. b6 Nh2+ 63. Ke4 g2 64. b7 g1=Q 65. b8=Q Qg2+ 66.
Kd4 Qd2+ 67. Ke5 Ng4+ 68. Ke6 Qe3+ 69. Kd7 Nf6+ 70. Kc8 Qe6+ 71. Kb7 Qd5+ 72. Ka7 Qa5+ 73. Kb7 Qb5+ 74. Ka7 Qc5+ 75. Qb6 Qe7+ 76. Qb7 Qe5 77. Qc8+ Kg3 78. Qb8 Kf4 79. Qxe5+ Kxe5 1/2-1/2

[Event "Early-Titled-Tuesday-Blitz-February-20-2024"]
[Site "Chess.com"]
[Date "2024.02.20"]
[Round "5"]
[White "Aygehovit1992"]
[Black "adotand"]
[Result "0-1"]
[WhiteElo "2680"]
[BlackElo "2945"]
[TimeControl "180+1"]
[EndTime "8:57:20 PST"]
[Termination "adotand won by resignation"]

1. e4 c5 2. Nf3 Nc6 3. Bb5 e6 4. c3 Nf6 5. Bxc6 bxc6 6. e5 Nd5 7. d3 Be7 8. Nbd2 f6 9. Ne4 d6 10. exd6 Bxd6 11. Qa4 Bb7 12. Qa3 O-O 13. Nxc5 Qe7 14. d4 e5 15. O-O e4 16. Re1 f5 17. Ne5 Rae8 18. Qxa7 Bxc5 19. dxc5 Ra8 20. Nxc6 Bxc6 21.
Qxe7 Nxe7 22. Bf4 Nd5 23. Bd6 Rfe8 24. a3 e3 25. c4 exf2+ 26. Kxf2 Nf6 27. Rxe8+ Rxe8 28. b4 Ng4+ 29. Kf1 Ne3+ 30. Kf2 Nxc4 31. a4 Ra8 32. a5 Bb5 33. Re1 Rd8 34. Re7 Nxd6 35.
cxd6 Rxd6 36. Re5 Bd3 37. b5 Be4 38. b6 Rd2+ 39. Ke3 Rb2 40. g4 g6 41. gxf5 gxf5 42. Re7 h5 43. h4 Rb5 44. Ra7 Kf8 45. Kd4 Ke8 46. Kc4 Rb1 47. Rh7 f4 48. Rxh5 f3 49.
Re5+ Kd7 50. Rxe4 f2 51. Rf4 f1=Q+ 52. Rxf1 Rxf1 53. Kb5 Kc8 54. a6 Rf5+ 55. Kc6 Rf6+ 56. Kb5 Rh6 57. Kc5 Kb8 58. Kb5 Rxh4 59. Kc5 Rh6 60.
Kb5 Kc8 61. Kc5 Rf6 62. Kb5 Rf1 63. Kc5 Rb1 64. Kc6 Kb8 65. Kc5 Ra1 66. Kb5 Ra2 67. a7+ Kb7 68. Kc5 Rc2+ 69. Kb5 Rb2+ 70. Kc5 Rb1 0-1

[Event "Early-Titled-Tuesday-Blitz-February-20-2024"]
[Site "Chess.com"]
[Date "2024.02.20"]
[Round "5"]
[White "Rosh1610"]
[Black "viktorgen2021"]
[Result "1-0"]
[WhiteElo "2394"]
[BlackElo "2536"]
[TimeControl "180+1"]
[EndTime "8:57:21 PST"]
[Termination "Rosh1610 won by resignation"]

1. e4 g6 2. d4 Bg7 3. Nc3 d6 4. f4 Nf6 5. Nf3 O-O 6. e5 dxe5 7. fxe5 Nd5 8. Bc4 c6 9. Bxd5 cxd5 10. O-O Nc6 11. Bg5 f6 12. exf6 exf6 13. Bf4 Be6 14. Qd2 a6 15. Na4 Re8 16. Nc5 b6 17. Nxe6 Rxe6 18.
Rae1 Re4 19. Bh6 Qd7 20. Bxg7 Kxg7 21. Re2 Rae8 22. Rfe1 h6 23. Kf2 f5 24. c3 Qd6 25.
h3 g5 26. Qd3 g4 27. hxg4 fxg4 28. Nd2 Qf4+ 29. Kg1 Re3 30. Rxe3 Rf8 31. R3e2 g3 32.
Qf3 Qg5 33. Qe3 Qg4 34. Nf3 Qh5 35. Qe6 Rxf3 36. Qd7+ Rf7 37. Qh3 Qxh3 38. gxh3 Nd8 39. Rg2 Rf6 40. Rxg3+ Kf7 41. Kg2 Ne6 42. Rf3 Nf4+ 43.
Kg3 Nh5+ 44. Kg4 Rxf3 45. Kxf3 Nf6 46. Re5 Kg6 47. Kf4 h5 48. Re6 Kf7 49. Rxf6+ Kxf6 50. h4 a5 51. a4 Ke6 52. Kg5 Kf7 53. Kxh5 Kf6 54. Kg4 b5 55. h5 bxa4 56. Kf4 Ke6 57. h6 Kf6 58. h7 Kg7 59. Ke5 Kxh7 60. Kxd5 Kg6 61. Kc4 Kf5 62. Kb5 a3 63. bxa3 Ke4 64.
Kxa5 Kd5 65. Kb4 1-0